 Dungeon Crawl Stone Soup version 0.28.0 (webtiles) character file.

Game seed: 3840480017844621395

108 laceratedsky the Chopper (level 4, -1/41 HPs)
             Began as a Minotaur Berserker on Feb 5, 2022.
             Was a Believer of Trog.
             Slain by Crazy Yiuf (4 damage)
             ... on level 2 of the Dungeon.
             The game lasted 00:04:18 (1971 turns).

laceratedsky the Chopper (Minotaur Berserker)       Turns: 1971, Time: 00:04:19

Health: -1/41      AC: 11    Str: 24    XL:     4   Next: 58%
Magic:  3/3        EV:  7    Int:  4    God:    Trog [**....]
Gold:   47         SH:  0    Dex:  9    Spells: 3/3 levels left

rFire   . . .      SeeInvis .   a - +0 hand axe
rCold   . . .      Faith    .   (no shield)
rNeg    . . .      Spirit   .   d - +0 plate armour
rPois   .          Reflect  .   (helmet restricted)
rElec   .          Harm     .   (no cloak)
rCorr   .          Rampage  .   (no gloves)
Will    .....                   (no boots)
Stlth   ..........              (no amulet)
HPRegen 0.13/turn               (no ring)
MPRegen 0.08/turn               (no ring)

@: confused
A: horns 2, retaliatory headbutt
a: Renounce Religion, Berserk, Trog's Hand


You were on level 2 of the Dungeon.
You worshipped Trog.
Trog was pleased with you.
You visited 1 branch of the dungeon, and saw 2 of its levels.

You collected 47 gold pieces.

Inventory:

Hand Weapons
 a - a +0 hand axe (weapon)
Missiles
 k - 23 arrows
Armour
 d - a +0 plate armour (worn)
 f - a +0 ring mail
Jewellery
 e - a ring of protection from fire
Scrolls
 c - 2 scrolls of identify {unknown}
 h - a scroll of teleportation {unknown}
 i - a scroll of vulnerability {unknown}
 j - a scroll of summoning {unknown}
Potions
 b - a potion of might {unknown}
 g - 3 potions of curing {unknown}


   Skills:
 + Level 4.6 Fighting
 + Level 5.0 Axes
 + Level 3.3 Armour
 + Level 2.6 Dodging


You had 3 spell levels left.
You didn't know any spells.
Your spell library was empty.

Dungeon Overview and Level Annotations

Branches:
Dungeon (2/15)

Altars:
Hepliaklqana

Annotations:
D:2 Crazy Yiuf


Innate Abilities, Weirdness & Mutations

You have a pair of horns on your head.
You reflexively headbutt those who attack you in melee.


Message History

The puff of flame hits you but does no damage.
Crazy Yiuf barely misses you. You furiously retaliate!
You headbutt Crazy Yiuf. You hit Crazy Yiuf but do no damage.
Crazy Yiuf is moderately wounded.
Crazy Yiuf zaps a wand.
The puff of flame hits you.
You barely miss Crazy Yiuf.
Crazy Yiuf is moderately wounded.
Crazy Yiuf says, "Crazy?
Crazy!?
PORCUPINE!"
Crazy Yiuf hits you with a +3 quarterstaff of chaos.
Crazy Yiuf burns you.
You barely miss Crazy Yiuf. Your headbutt misses Crazy Yiuf.
Crazy Yiuf is moderately wounded.
Crazy Yiuf barely misses you.
You barely miss Crazy Yiuf. You headbutt Crazy Yiuf!
Crazy Yiuf is severely wounded.
Crazy Yiuf hits you with a +3 quarterstaff of chaos!
Crazy Yiuf burns you.
You completely miss Crazy Yiuf.
Crazy Yiuf is severely wounded.
Crazy Yiuf hits you but does no damage.
You barely miss Crazy Yiuf.
Crazy Yiuf is severely wounded.
Crazy Yiuf completely misses you.
You hit Crazy Yiuf but do no damage. Your headbutt misses Crazy Yiuf.
Crazy Yiuf is severely wounded.
Crazy Yiuf yells, "Nubble eyeball mobile!"
Crazy Yiuf hits you with a +3 quarterstaff of chaos.
* * * LOW HITPOINT WARNING * * *
You closely miss Crazy Yiuf. You headbutt Crazy Yiuf.
Crazy Yiuf is almost dead.
Crazy Yiuf hits you but does no damage.
You are confused.
You bump into the stone wall.
Crazy Yiuf zaps a wand.
The puff of flame hits you.
* * * LOW HITPOINT WARNING * * *
You closely miss Crazy Yiuf.
Crazy Yiuf is almost dead.
Crazy Yiuf whimpers, "Defame green mumblescurry!"
Crazy Yiuf hits you with a +3 quarterstaff of chaos.
You die...

###.......<#
#........###
#.......##
#.!.....#
#......>#
#####
#.......#
#..)#
#.......#
#...#
#.......#
#.g.#
#.......#
#@#
#.......#
##.#
#.......#
#.##
#.......#
##.#
###'#####
#.##
######.#####
##.##
...........#
#...##
##########.#
#.)..# #.#
#'..'#


You could see Crazy Yiuf.

Vanquished Creatures
  Jessica (D:2)
  4 adders (D:2)
  A dart slug (D:2)
  A ball python (D:1)
  5 bats
  3 giant cockroaches
  6 hobgoblins
  3 quokkas
  2 frilled lizards (D:1)
  8 goblins
  4 kobolds
  2 rats (D:2)
40 creatures vanquished.

Vanquished Creatures (others)
  3 fungi (D:2)
3 creatures vanquished.

Grand Total: 43 creatures vanquished

Notes
Turn   | Place    | Note
-------+----------+-------------------------------------------
     0 | D:1      | laceratedsky the Minotaur Berserker began the quest for the
                  | Orb.
     0 | D:1      | Reached XP level 1. HP: 19/19 MP: 0/0
   320 | D:1      | Reached skill level 4 in Axes
   320 | D:1      | Reached XP level 2. HP: 23/27 MP: 1/1
  1196 | D:2      | Reached ** piety under Trog
  1197 | D:2      | Reached XP level 3. HP: 33/33 MP: 2/2
  1226 | D:2      | Noticed Jessica
  1237 | D:2      | Killed Jessica
  1282 | D:2      | Found a hazy altar of Hepliaklqana.
  1315 | D:2      | Reached XP level 4. HP: 41/41 MP: 3/3
  1364 | D:2      | Found a faded altar of an unknown god.
  1524 | D:2      | Found a runed translucent door.
  1525 | D:2      | Noticed Crazy Yiuf
  1734 | D:2      | Reached skill level 5 in Axes
  1971 | D:2      | Slain by Crazy Yiuf

Illustrated notes

Levels and vault maps discovered:
D:1:      dpeg_arrival_shrine, layout_loops_ring, chequers_serial_rivers_room_a
D:2:      layout_basic, basic_altar, chequers_ecumenical_altar_simple_redux,
          amethyst_killhole, chequers_avenue, uniq_crazy_yiuf_cottage,
          uniq_jessica

Skill      XL: |  1  2  3  4 |
---------------+-------------+-----
Axes           | 4 5 |  5.0
Fighting       | 4 |  4.6
Armour         | 3 |  3.3
Dodging        | |  2.6

Action                   |  1- 3 |  4- 6 || total
-------------------------+-------+-------++-------
Melee: Hand axe          |    63 |    45 ||   108
       Headbutt          |     7 |     5 ||    12
  Use: Scroll            |     1 |       ||     1
       Potion            |     1 |       ||     1
Armor: Animal skin       |     4 |       ||     4
       Plate armour      |    30 |    35 ||    65
       Ring mail         |     5 |       ||     5
Dodge: Dodged            |    29 |    13 ||    42
